 Dungeon Crawl Stone Soup version 0.31-a0-986-g5e6e4ef867 (webtiles) character file.

Game seed: 4764216205229515704

1789 pokeman the Thaumaturge (level 8, -2/44 HPs)
             Began as a Deep Elf Hedge Wizard on Nov 4, 2023.
             Was a Follower of Vehumet.
             Slain by an iguana (12 damage)
             ... on level 6 of the Dungeon.
             The game lasted 00:15:55 (6781 turns).

pokeman the Thaumaturge (Deep Elf Hedge Wizard)     Turns: 6781, Time: 00:15:55

Health: -2/44      AC:  3    Str:  7      XL:     8   Next: 82%
Magic:  16/24      EV: 12    Int: 22      God:    Vehumet [*.....]
Gold:   392        SH:  0    Dex: 12 (14) Spells: 20/28 levels left

rFire   + + .        u - +2 short sword (venom)
rCold   + . .        (no shield)
rNeg    . . .        b - +0 robe
rPois   .            c - +0 hat
rElec   .            k - scarf {rC+ rF+}
rCorr   .            F - +0 pair of gloves
SInv    +            (no boots)
Will    .....        (no amulet)
Stlth   ++           h - ring of protection from fire
HPRegen 0.27/turn    B - ring of see invisible
MPRegen 0.19/turn

%: no passive effects
@: no status effects
A: no striking features
a: Renounce Religion


You were on level 6 of the Dungeon.
You worshipped Vehumet.
Vehumet was aware of your devotion.
You visited 1 branch of the dungeon, and saw 6 of its levels.
You also visited: Sewer.

You collected 392 gold pieces.

Inventory:

Hand Weapons
 u - a +2 short sword of venom (weapon)
Armour
 b - a +0 robe (worn)
 c - a +0 hat (worn)
 k - a scarf of resistance (worn)
 A - a +0 kite shield
 F - a +0 pair of gloves (worn)
Magical Staves
 C - a staff of fire
Jewellery
 h - a ring of protection from fire (left hand)
 r - a ring of protection from fire
 B - a ring of see invisible (right hand)
 E - a +6 ring of dexterity
Wands
 q - a wand of flame (46)
 z - a wand of paralysis (10)
Scrolls
 g - 8 scrolls of identify {unknown}
 i - 2 scrolls of fear {unknown}
 j - a scroll of fog {unknown}
 l - 2 scrolls of noise {unknown}
 m - a scroll of acquirement {unknown}
 n - 2 scrolls of torment {unknown}
 p - 2 scrolls of teleportation {unknown}
 s - 2 scrolls of revelation {unknown}
 x - a scroll of blinking {unknown}
 y - 2 scrolls of amnesia {unknown}
 D - a scroll of poison {unknown}
Potions
 a - 2 potions of curing {unknown}
 d - 2 potions of magic
 e - 3 potions of degeneration
 f - 3 potions of berserk rage
 o - a potion of enlightenment {unknown}
 t - a potion of resistance {unknown}
 v - a potion of invisibility {unknown}
 w - 2 potions of haste {unknown}


   Skills:
 - Level 2.0 Fighting
 - Level 3.0 Armour
 - Level 3.0 Dodging
 - Level 3.0 Stealth
 + Level 1.6 Shields
 * Level 10.7 Spellcasting
 + Level 5.8 Conjurations
 - Level 1.1 Summonings
 - Level 1.1 Translocations
 + Level 2.5 Fire Magic
 - Level 1.0 Air Magic
 - Level 1.0 Poison Magic
 - Level 1.1 Evocations


You had 20 spell levels left.
You knew the following spells:

 Your Spells              Type           Power      Damage    Failure   Level
a - Magic Dart            Conj           100%       1d8       1%          1
b - Mephitic Cloud        Conj/Pois/Air  23%        N/A       6%          3
c - Call Imp              Summ           32%        N/A       5%          2
d - Blink                 Tloc           32%        N/A       5%          2

Your spell library contained the following spells:

 Spells                   Type           Power      Damage    Failure   Level
 Sandblast                Erth           22%        2d7       5%          1
 Sting                    Tmut/Pois      56%        1d5       4%          1
 Necrotise                Necr           44%        1d6       5%          1
 Slow                     Hex            44%        N/A       5%          1
 Poisonous Vapours        Pois/Air       32%        N/A       5%          2
 Cigotuvi's Dreadful Rot  Necr/Pois/Air  28%        N/A       6%          2
 Vampiric Draining        Necr           11%        2d6       17%         3
 Olgreb's Toxic Radiance  Pois           16%        N/A       36%         4
 Agony                    Necr           11%        N/A       83%         5


Dungeon Overview and Level Annotations

Branches:
Dungeon (6/15)             Temple (0/1) D:4           Sewer (visited)

Altars:
Ashenzari
Cheibriados
Gozag
Nemelex Xobeh
Vehumet
Yredelemnul

Shops:
D:3 [


Message History

Confirm with . or Enter, or press ? or * to list all spells.
Aiming: Magic Dart (safe; 1% risk of failure)
Press: ? - help, Shift-Dir - straight line, f/p - iguana
Aim: an iguana (100% to hit)
The magic dart hits the iguana but does no damage.
A scorpion comes into view.
Casting: Magic Dart (safe; 1% risk of failure)
Confirm with . or Enter, or press ? or * to list all spells.
Aiming: Mephitic Cloud (dangerous; 6% risk of failure)
Press: ? - help, Shift-Dir - straight line, f/p - iguana
Aim: an iguana (chance to affect: 86%)
The ball explodes into a vile cloud!
The stinking cloud engulfs the iguana but does no damage.
You hear an angry hiss.
The iguana is engulfed in noxious fumes.
The iguana appears confused.
Unknown command.
The iguana is engulfed in noxious fumes.
The iguana appears confused.
You catch the helpless iguana completely off-guard!
You hit the iguana but do no damage.
The iguana is poisoned.
The scorpion is engulfed in noxious fumes.
The iguana closely misses you.
You hit the iguana.
The iguana looks as sick as possible!
The iguana is lightly wounded.
The scorpion is engulfed in noxious fumes.
The scorpion appears confused.
The scorpion stings the iguana but does no damage.
The iguana bites you!
You catch the helpless scorpion completely off-guard!
You puncture the scorpion!
The scorpion is heavily wounded.
The scorpion is engulfed in noxious fumes.
The scorpion appears confused.
The iguana bites you!
* * * LOW HITPOINT WARNING * * *
Unknown command.
The scorpion is engulfed in noxious fumes.
The scorpion appears confused.
The iguana bites the scorpion.
The scorpion closely misses you. The iguana bites you!
You die...

..................#
#.....##
.........#...#.†..#
#......##
####.....###......#
#.......###
#.###.<#......#...#
#.......#..
.......#....(.##..#
#......##..
#.................#
#...#...#..
#(......##.<##....+
#..........
............####..#
#.......##.
............##.s@.#
#..##...##.
............#.#l..#
#...#......
..................#
#.).#......
..........####....#
#...##<..#.
.......... #.....#
#....##..#.
.......... #..##.#
#....###+##
.......... ......#
#....#.....
.......... .......#
#....#.⌠.⌠.
..................#
#....'.._†.


You could see a scorpion (confused) and an iguana (confused, very poisoned).

Vanquished Creatures
  Edmund (D:6)
  4 water moccasins (D:5)
  3 ice beasts
  A black bear (D:6)
  2 phantoms (D:4)
  A kobold brigand (Sewer)
  A bullfrog (D:6)
  A scorpion (D:5)
  3 hounds
  A sleepcap (D:4)
  4 iguanas
  Natasha (D:2)
  15 adders
  A river rat (Sewer)
  A shadow imp (D:6)
  A white imp (D:6)
  3 ufetubi (D:6)
  2 adder zombies (D:3)
  5 worms
  A dart slug (D:3)
  6 orcs
  9 ball pythons
  4 bats
  5 endoplasms
  8 giant cockroaches
  2 goblins
  10 hobgoblins
  8 jackals
  A quokka (D:2)
  2 frilled lizards
  10 kobolds
  A quokka zombie (D:3)
  7 rats
125 creatures vanquished.

Notes
Turn   | Place    | Note
-------+----------+-------------------------------------------
     0 | D:1      | pokeman the Deep Elf Hedge Wizard began the quest for the
                  | Orb.
     0 | D:1      | Reached XP level 1. HP: 10/10 MP: 7/7
   363 | D:1      | Reached XP level 2. HP: 15/15 MP: 5/9
   401 | D:1      | Found a faded altar of an unknown god.
  1396 | D:2      | Reached skill level 5 in Spellcasting
  1449 | D:2      | Reached XP level 3. HP: 3/20 MP: 11/11
  1453 | D:2      | Learned a level 3 spell: Mephitic Cloud
  1456 | D:2      | Learned a level 2 spell: Call Imp
  1459 | D:2      | Learned a level 2 spell: Blink
  1967 | D:2      | Reached skill level 1 in Armour
  2023 | D:2      | Noticed Natasha
  2028 | D:2      | Killed Natasha
  2029 | D:2      | Reached skill level 1 in Fighting
  2029 | D:2      | Reached XP level 4. HP: 25/25 MP: 8/13
  2311 | D:3      | Found a glowing drain.
  2342 | Sewer    | Entered a sewer
  2419 | Sewer    | Reached skill level 6 in Spellcasting
  2419 | Sewer    | Reached XP level 5. HP: 29/29 MP: 9/15
  2809 | Sewer    | Reached skill level 1 in Air Magic
  2809 | Sewer    | Reached skill level 1 in Poison Magic
  2809 | Sewer    | Reached skill level 1 in Evocations
  3143 | D:3      | Reached XP level 6. HP: 34/34 MP: 14/17
  3189 | D:3      | Found a radiant altar of Vehumet.
  3198 | D:3      | Became a worshipper of Vehumet
  3207 | D:3      | Found Piut's Antique Armour Shop.
  3349 | D:3      | Found a basalt altar of Yredelemnul.
  4065 | D:4      | Found a staircase to the Ecumenical Temple.
  4129 | D:4      | Reached skill level 1 in Shields
  4129 | D:4      | Reached skill level 7 in Spellcasting
  4281 | D:4      | Found a broken altar of Ashenzari.
  4360 | D:4      | Noticed an ice beast
  4565 | D:4      | Found an opulent altar of Gozag.
  4731 | D:5      | Entered Level 5 of the Dungeon
  4770 | D:5      | Noticed a water moccasin
  4785 | D:5      | Killed a water moccasin
  4786 | D:5      | Reached XP level 7. HP: 26/40 MP: 4/20
  4916 | D:5      | Reached skill level 8 in Spellcasting
  5194 | D:5      | Reached * piety under Vehumet
  5194 | D:5      | Offered knowledge of Sandblast by Vehumet.
  5337 | D:5      | Reached skill level 9 in Spellcasting
  5337 | D:5      | Reached XP level 8. HP: 12/44 MP: 12/23
  5592 | D:5      | Reached skill level 5 in Conjurations
  5957 | D:5      | Found a snail-covered altar of Cheibriados.
  6081 | D:6      | Identified the of Iras
  6158 | D:6      | Found a sparkling altar of Nemelex Xobeh.
  6162 | D:6      | Reached skill level 1 in Fire Magic
  6186 | D:6      | Noticed Edmund
  6209 | D:6      | Killed Edmund
  6210 | D:6      | Reached skill level 10 in Spellcasting
  6781 | D:6      | Slain by an iguana

Illustrated notes

Levels and vault maps discovered:
D:1:      onia_arrival_mini_maze_b, layout_basic,
          dreamdust_ecumenical_altar_angels_and_demons
D:2:      layout_basic, uniq_natasha
D:3:      layout_basic, nicolae_yredelemnul_corpse_copse, vehumet_altar_wand_db,
          gup_sewer_entry_glass, serial_shops, nicolae_shop_statue_plus,
          kennysheep_generic_room_12
D:4:      wander_river, layout_rooms, ashenzari_altar_1, old_standard_altar,
          minmay_temple_entry_sparse_star
D:5:      layout_basic, overflow_temple_1_default,
          hangedman_abyss_or_decor_stabs, eino_tiny_chamber
D:6:      layout_cave_pools, led_sif_book, kennysheep_little_box,
          hangedman_minor_gate_pass, uniq_edmund, uniq_menkaure, uniq_maggie

Skill      XL: |  1  2  3  4  5  6  7  8 |
---------------+-------------------------+-----
Spellcasting   | 5 6 7 9 10 | 10.7
Conjurations   | 2 3 4 5 |  5.8
Armour         | 1 2 3 |  3.0
Fighting       | 1 2 |  2.0
Dodging        | 3 |  3.0
Stealth        | 3 |  3.0
Air Magic      | 1 |  1.0
Poison Magic   | 1 |  1.0
Evocations     | 1 |  1.1
Shields        | 1 |  1.6
Fire Magic     | 2 |  2.5
Summonings     | |  1.1
Translocations | |  1.1

Action                     |  1- 3 |  4- 6 |  7- 9 || total
---------------------------+-------+-------+-------++-------
  Melee: Spear             |    33 |    34 |       ||    67
         Short sword       |       |    38 |    33 ||    71
         Punch             |       |     2 |       ||     2
   Cast: Magic Dart        |    65 |   166 |   150 ||   381
         Mephitic Cloud    |     1 |     6 |     6 ||    13
         Call Imp          |       |     3 |     6 ||     9
         Blink             |       |     1 |     3 ||     4
    Use: Potion            |       |       |     2 ||     2
   Stab: Confused          |       |     3 |     6 ||     9
 Armour: Robe              |    20 |    42 |    59 ||   121
  Dodge: Dodged            |    36 |    60 |    62 ||   158

Table legend: (Time is in decaauts)
 A = Elapsed time spent in this place.
 B = Non-inter-level travel time spent in this place.
 C = Inter-level travel time spent in this place.
 D = Time resting spent in this place.
 E = Time spent auto-exploring this place.
 F = Levels seen in this place.
 G = Mean time per level.
                   A        B        C        D        E       F      G
               +--------+--------+--------+--------+--------+-----+--------+
         Total |   6880 |   6699 |    181 |    168 |   5428 |   7 |  982.9 |
       Dungeon |   6048 |   5867 |    181 |    168 |   4755 |   6 | 1008.0 |
         Sewer |    831 |    831 |      0 |      0 |    673 |   1 |  831.0 |
               +--------+--------+--------+--------+--------+-----+--------+

Top non-repeatable levels by time:
     D:1: 1293 daAuts
     D:5: 1241 daAuts
     D:2: 973 daAuts
     D:3: 940 daAuts
     D:4: 900 daAuts
   Sewer: 831 daAuts
     D:6: 699 daAuts
